 Dungeon Crawl Stone Soup version 0.25.1-1-g288607f (webtiles) character file.

Game seed: 11541500381198029777

275 Gadfly the Chopper (level 6, -3/47 HPs)
             Began as a Formicid Abyssal Knight on July 19, 2020.
             Was a Priest of Lugonu.
             Slain by Grinder (6 damage)
             ... on level 3 of the Dungeon.
             The game lasted 00:04:48 (3542 turns).

Gadfly the Chopper (Formicid Abyssal Knight)        Turns: 3542, Time: 00:04:49

Health: -3/47      AC:  5    Str: 18    XL:     6   Next: 50%
Magic:  9/9        EV: 10    Int: 12    God:    Lugonu [***...]
Gold:   131        SH:  5    Dex: 10    Spells: 5/5 levels left

rFire    . . .     SeeInvis +   a - +1 hand axe
rCold    . . .     Gourm    .   (no shield)
rNeg     . . .     Faith    .   o - +0 ring mail
rPois    .         Spirit   .   (helmet unavailable)
rElec    .         Reflect  +   (no cloak)
rCorr    .         Harm     .   (no gloves)
MR       .....                  (no boots)
Stlth    ..........             s - amulet of reflection
HPRegen  0.15/turn              l - ring of wizardry
MPRegen  0.11/turn              (no ring)

@: no status effects
A: permanent stasis, dig shafts and tunnels, four strong arms, antennae 3
a: Dig, Shaft Self, Depart the Abyss, Bend Space, Banish, Renounce Religion


You were on level 3 of the Dungeon.
You worshipped Lugonu.
Lugonu was most pleased with you.
You were not hungry.

You visited 1 branch of the dungeon, and saw 3 of its levels.
You visited the Abyss 1 time.

You collected 131 gold pieces.

Inventory:

Hand Weapons
 a - a +1 hand axe (weapon)
 b - a +4 whip of electrocution
 h - a +3 dagger of venom
 i - a +5 spear
 t - a +0 vorpal mace
Armour
 o - a +0 ring mail (worn)
Jewellery
 l - a ring of wizardry (left hand)
 s - an amulet of reflection (around neck)
Wands
 r - a wand of digging (4)
Scrolls
 f - a scroll of identify
 q - a scroll of remove curse
Potions
 e - a potion of mutation {unknown}
 g - 2 potions of heal wounds
 j - a potion of brilliance
 k - a potion of resistance
 m - a potion of flight {unknown}
 n - 2 potions of lignification
 p - a potion of curing {unknown}
Comestibles
 c - 5 rations
 d - 3 chunks of flesh


   Skills:
 - Level 3.2 Fighting
 * Level 5.3 Axes
 - Level 2.1 Armour
 - Level 0.8 Dodging
 + Level 4.6 Invocations


You had 5 spell levels left.
You didn't know any spells.
Your spell library was empty.

Dungeon Overview and Level Annotations

Branches:
Dungeon (3/15)

Altars:
Vehumet
Wu Jian
Yredelemnul

Annotations:
D:3 1 transporter, Grinder; roflc0ptic's ghost, amateur OpTm


Innate Abilities, Weirdness & Mutations

You cannot be hasted, slowed, berserked, paralysed or teleported.
You can dig through walls and to a lower floor.
Your four strong arms can wield two-handed weapons with a shield.
You have a pair of large antennae on your head. (SInv)


Message History

Grinder is too close now for your liking.
You feel much better.
You hit Grinder.
Grinder is moderately wounded.
You hit Grinder but do no damage.
Grinder is moderately wounded.
Grinder hits you. Grinder hits you!
You writhe in agony.
You closely miss Grinder.
Grinder is moderately wounded.
Grinder barely misses you.
You closely miss Grinder.
Grinder is moderately wounded.
Grinder blinks!
Grinder gestures at you. Pain shoots through your body!
* * * LOW HITPOINT WARNING * * *
Grinder hits you.
* * * LOW HITPOINT WARNING * * *
You writhe in agony.
You die...

.#....# #.#######
W#.##.###.......#
O#©.............#
?#..............#########
.#©......................
.#.......................
.#........#####....(.(...
.#.##+###.#.#.###........
.#. +<#....§@5....... ##
##.#.###........
###.......... ###.......#
........# #.......#
......... { ........#
#######..


You could see Grinder.

Vanquished Creatures
  A bullfrog (D:3)
  Natasha (thrice) (D:2)
  Terence (D:3)
  2 adders
  An ooze (D:3)
  2 worms
  7 dart slugs
  2 leopard geckos
  An orc (D:3)
  2 giant cockroaches
  7 goblins
  11 hobgoblins
  2 jackals (D:1)
  10 kobolds
  A bat (D:2)
  6 frilled lizards
  10 rats
69 creatures vanquished.

Notes
Turn   | Place    | Note
-------+----------+-------------------------------------------
     0 | Abyss:1  | Gadfly the Formicid Abyssal Knight began the quest for the
                  | Orb.
     0 | Abyss:1  | Reached XP level 1. HP: 18/18 MP: 2/2
    26 | D:1      | Escaped the Abyss
   387 | D:1      | Reached XP level 2. HP: 24/24 MP: 3/3
   800 | D:1      | Reached XP level 3. HP: 27/29 MP: 5/5
   857 | D:1      | Reached ** piety under Lugonu
   857 | D:1      | Reached skill level 3 in Axes
  1501 | D:2      | Noticed Natasha
  1510 | D:2      | Killed Natasha
  1510 | D:2      | Reached XP level 4. HP: 31/35 MP: 6/6
  1607 | D:2      | Noticed Natasha
  1617 | D:2      | Killed Natasha
  1617 | D:2      | Reached skill level 4 in Axes
  1688 | D:2      | Reached XP level 5. HP: 41/41 MP: 7/7
  1704 | D:2      | Noticed Natasha
  1710 | D:2      | Killed Natasha
  1889 | D:2      | Found a basalt altar of Yredelemnul.
  2693 | D:3      | Noticed a bullfrog
  2704 | D:3      | Killed a bullfrog
  2704 | D:3      | Reached skill level 5 in Axes
  2704 | D:3      | Reached XP level 6. HP: 34/47 MP: 9/9
  2853 | D:3      | Found an ornate altar of the Wu Jian Council.
  2855 | D:3      | Found a radiant altar of Vehumet.
  3011 | D:3      | Reached *** piety under Lugonu
  3292 | D:3      | Noticed Terence
  3301 | D:3      | Killed Terence
  3498 | D:3      | Found a transporter.
  3502 | D:3      | Noticed roflc0ptic's ghost (amateur OpTm)
  3503 | D:3      | Noticed an ogre
  3520 | D:3      | Noticed Grinder
  3542 | D:3      | Slain by Grinder

Illustrated notes

Levels and vault maps discovered:
D:1:      dpeg_arrival_arbitrary_b, layout_basic, corexii_corridor_pit
D:2:      layout_basic, marbit_many_paths, uniq_natasha
D:3:      layout_basic, nicolae_overflow_hidden_temple, gammafunk_ghost_smash,
          grunt_ministairs_10, grunt_decor_fettered, interstate_on_off,
          minivault_25, minmay_misc_feat_room, roderic_roman_lattice,
          uniq_terence, uniq_grinder

Skill      XL: |  1  2  3  4  5 |
---------------+----------------+-----
Axes           | 3 4 5 |  5.3
Invocations    | 3 4 |  4.6
Fighting       | |  3.2
Armour         | |  2.1
Dodging        | |  0.8

Action                   |  1- 3 |  4- 6 || total
-------------------------+-------+-------++-------
Melee: Hand axe          |    39 |    44 ||    83
       Dagger            |    51 |    88 ||   139
  Use: Scroll            |     8 |     5 ||    13
       Potion            |       |     1 ||     1
 Stab: Sleeping          |     1 |       ||     1
  Eat: Chunk             |     2 |     6 ||     8
Armor: Leather armour    |    16 |     1 ||    17
       Ring mail         |       |    29 ||    29
Dodge: Dodged            |    50 |    49 ||    99
Block: Other             |       |    19 ||    19
